 Dungeon Sprint DCSS version 0.29-a0-823-gc37b1572da (webtiles) character file.

Game seed: 14465326512777993400

5222 wilfster70 the Severer (level 10, -11/97 HPs)
             Began as a Hill Orc Fighter on July 8, 2022.
             Was a High Priest of Qazlal.
             Mangled by Juotippul the pandemonium lord (53 damage)
             ... in the Dungeon (Sprint V: "Ziggurat Sprint").
             The game lasted 00:03:47 (543 turns).

wilfster70 the Severer (Hill Orc Fighter)            Turns: 543, Time: 00:03:48

Health: -11/97     AC: 23    Str: 36    XL:     10   Next: 61%
Magic:  3/19       EV:  3    Int:  8    God:    Qazlal [*****.]
Gold:   0          SH: 36    Dex: 10    Spells: 9/9 levels left

rFire   + . .      SeeInvis .   a - +5 broad axe
rCold   + + .      Faith    .   s - +18 shield of the Gong {rElec rN+ Will+ EV-5}
rNeg    + . .      Spirit   .   b - +5 gold dragon scales
rPois   +          Reflect  .   (no helmet)
rElec   +          Harm     .   (no cloak)
rCorr   .          Rampage  .   (no gloves)
Will    +....      NoTele   +   (no boots)
Stlth   ..........              (no amulet)
HPRegen 0.26/turn               x - +6 ring of strength
MPRegen 0.16/turn               y - +6 ring of strength

@: protected from cold, repel missiles
A: no striking features
a: Renounce Religion, Upheaval, Elemental Force, Disaster Area


You were in the Dungeon.
You worshipped Qazlal.
Qazlal was extremely pleased with you.
You visited 1 branch

Inventory:

Hand Weapons
 a - a +5 broad axe (weapon)
Missiles
 c - 3 throwing nets (quivered)
Armour
 b - +5 gold dragon scales (worn)
 s - the +18 shield of the Gong (worn) {rElec rN+ Will+ EV-5}
   (You found it in the Dungeon)

   It is deafeningly noisy when blocking attacks.
   EV:        It affects your evasion (-5).
   rElec:     It insulates you from electricity.
   rN:        It protects you from negative energy.
   Will:      It increases your willpower.
Jewellery
 n - a ring of protection from fire
 x - a +6 ring of strength (left hand)
 y - a +6 ring of strength (right hand)
Wands
 z - a wand of mindburst (7)
 A - a wand of acid (7)
Scrolls
 j - 4 scrolls of blinking
 o - 4 scrolls of amnesia
 p - 7 scrolls of fog
 q - 2 scrolls of fear
 r - 5 scrolls of identify
Potions
 d - 6 potions of might
 e - 10 potions of curing
 f - 10 potions of heal wounds
 g - 6 potions of haste
 h - 7 potions of magic
 i - a potion of berserk rage
 k - 2 potions of brilliance
 l - 2 potions of invisibility
 m - 4 potions of resistance


   Skills:
 + Level 12.2 Fighting
 * Level 16.0 Axes
 + Level 11.1 Armour
 + Level 8.4 Dodging
 + Level 11.1 Shields
 + Level 12.6 Invocations


You had 9 spell levels left.
You didn't know any spells.
Your spell library contained the following spells:

 Spells                   Type           Power      Damage    Failure   Level
 Foxfire                  Conj/Fire      0%         2x1d4     100%        1
 Shock                    Conj/Air       0%         1d3       100%        1
 Sting                    Tmut/Pois      0%         1d3       100%        1
 Frozen Ramparts          Ice            0%         1d2       100%        3
 Vampiric Draining        Necr           0%         2d6       100%        3
 Animate Armour           Summ/Erth      0%         N/A       100%        4
 Animate Dead             Necr           0%         N/A       100%        4
 Ice Form                 Ice/Tmut       0%         N/A       100%        4
 Summon Ice Beast         Ice/Summ       0%         N/A       100%        4
 Agony                    Necr           0%         N/A       100%        5
 Borgnjor's Vile Clutch   Necr/Erth      0%         N/A       100%        5
 Summon Mana Viper        Hex/Summ       0%         N/A       100%        5
 Death Channel            Necr           0%         N/A       100%        6
 Eringya's Noxious Bog    Tmut/Pois      0%         N/A       100%        6
 Malign Gateway           Summ/Tloc      0%         N/A       100%        7
 Storm Form               Tmut/Air       0%         N/A       100%        7


Dungeon Overview and Level Annotations

Branches:
Dungeon (1/1)

Altars:
Ashenzari
Cheibriados
Dithmenos
Elyvilon
Fedhas
Gozag
Hepliaklqana
Kikubaaqudgha
Makhleb
Nemelex Xobeh
Okawaru
Qazlal
Ru
Sif Muna
Trog
Uskayaw
Vehumet
Wu Jian
Xom
Yredelemnul
Zin
The Shining One
Beogh
Jiyva
Lugonu

Annotations:
D 1 transporter


Message History

Juotippul is flash-frozen.
The blast of ice hits Jeniof!
Jeniof partially resists.
Jeniof is lightly wounded.
Jeniof is flash-frozen.
The cutting wind hits Jeniof.
Jeniof is lightly wounded.
The blast of rubble hits Juotippul!
Juotippul is lightly wounded.
The blast of magma engulfs the orange demon!!
You kill the orange demon!
Qazlal accepts your kill.
Jeniof is struck by lightning.
Your Axes skill increases to level 16!
Activating: Disaster Area (1% risk of failure)
Press: ? - help, Dir - look around, f - activate Nature churns violently around you!
The cutting wind hits Jeniof!!!
Jeniof is moderately wounded.
The blast of rubble hits Jeniof.
Jeniof is moderately wounded.
The cutting wind hits Juotippul!!
Juotippul is moderately wounded.
Jeniof is struck by lightning.
Juotippul is no longer encased in ice.
Jeniof gestures at you. The bolt of cold hits you! You resist.
Juotippul snaps closed at you!!
You feel protected from cold. Juotippul freezes you.
You are too injured to fight recklessly!
You are too injured to fight recklessly!
You slash Juotippul!
Juotippul is moderately wounded.
You block Juotippul's attack.
SHROANNG!
You hit Juotippul.
Juotippul is moderately wounded.
Jeniof is no longer encased in ice.
You block Juotippul's attack.
PANG!
Juotippul snaps closed at you!!!
Ouch! That really hurt!
You die...

▓...©)...▓...©.)..▓
▓▓▓▓▓▓▓▓▓▓▓▓▓▓▓▓▓▓▓
▓...8©8...▓..8©8..▓
▓...≈)}...▓..).}..▓
▓...≈:=...▓..)=|..▓
▓...).....▓.......▓
▓.≈☼.§....▓.......▓
▓≈.☼.&°...▓.......▓
▓≈.§.@&...▓.......▓
▓.▓○....▓.▓.▓...▓.▓
▓...°°○...▓...©...▓
▓▓▓▓▓▓▓▓▓▓▓▓▓▓▓▓▓▓▓
▓..8©8..▓ ▓...|[..▓
▓..).}..▓ ▓.......▓
▓.......▓


You could see Jeniof (fast) and Juotippul.

Vanquished Creatures
  2 two-headed ogres (D)
  5 draconians (D)
  An orange demon (D)
  A troll (D)
  2 merfolk (D)
  3 spriggans (D)
  A yak (D)
  A water moccasin (D)
  A black bear (D)
  An ogre (D)
  3 wolves (D)
  A phantom (D)
  A necrophage (D)
  An iguana (D)
  An adder (D)
  A river rat (D)
  A shadow imp (D)
  A white imp (D)
  2 ufetubi (D)
  An adder zombie (D)
  An adder skeleton (D)
  A ball python (D)
  A bat skeleton (D)
  A ball python skeleton (D)
35 creatures vanquished.

Notes
Turn   | Place    | Note
-------+----------+-------------------------------------------
     0 | D        | wilfster70 the Hill Orc Fighter began the quest for the
                  | Orb.
     0 | D        | Reached XP level 1. HP: 19/19 MP: 1/1
    16 | D        | Found a blossoming altar of Fedhas.
    16 | D        | Found the +6 Majin-Bo {vamp, MP+6 Int+6}
    16 | D        | Found the +9 heavy crossbow "Sniper" {vorpal, Acc+∞ SInv}
    16 | D        | Found the +10 dark maul {vorpal}
    16 | D        | Found the +15 Maxwell's patent armour {-Cast -Tele rElec
                  | Will+ rCorr}
    16 | D        | Found the +18 shield of the Gong {rElec rN+ Will+ EV-5}
    16 | D        | Found the +14 obsidian axe {vorpal, Mesm Drain Fly SInv}
    16 | D        | Found the +7 great mace "Firestarter" {inner flame, rF++}
    16 | D        | Found the +6 shillelagh "Devastator" {shatter}
    16 | D        | Found the +11 plutonium sword {Contam Stlth-}
    16 | D        | Found the +8 lance "Wyrmbane" {slay drac, rPois rF+ rC+
                  | AC+3}
    16 | D        | Found the +9 sword of Zonguldrok {reap}
    16 | D        | Found the +13 scythe of Curses {drain, Drain}
    16 | D        | Found the +5 sword of Power {vorpal}
    16 | D        | Found the +7 mace of Variability {chain chaos}
    16 | D        | Found the +7 Singing Sword {vorpal, sonic wave}
    16 | D        | Found the +8 storm bow {elec, penet}
    19 | D        | Found a shimmering blue altar of Sif Muna.
    19 | D        | Found a sacrificial altar of Ru.
    19 | D        | Found a bloodstained altar of Trog.
    19 | D        | Found a stormy altar of Qazlal.
    19 | D        | Found an iron altar of Okawaru.
    19 | D        | Found a sparkling altar of Nemelex Xobeh.
    21 | D        | Found a transporter.
    21 | D        | Found an ancient bone altar of Kikubaaqudgha.
    21 | D        | Found a viscous altar of Jiyva.
    21 | D        | Found a corrupted altar of Lugonu.
    21 | D        | Found a hazy altar of Hepliaklqana.
    21 | D        | Found a burning altar of Makhleb.
    21 | D        | Found an opulent altar of Gozag.
    67 | D        | Became a worshipper of Qazlal Stormbringer
    68 | D        | Reached skill level 5 in Fighting
    68 | D        | Reached skill level 4 in Axes
    68 | D        | Reached XP level 2. HP: 29/29 MP: 1/4
   109 | D        | Entered arena 2.
   109 | D        | Noticed a merfolk
   109 | D        | Noticed a merfolk
   109 | D        | Found a transporter.
   117 | D        | Killed a merfolk
   118 | D        | Reached skill level 7 in Axes
   118 | D        | Reached XP level 3. HP: 12/39 MP: 4/7
   118 | D        | Reached XP level 4. HP: 14/47 MP: 4/8
   118 | D        | Reached XP level 5. HP: 16/52 MP: 4/9
   119 | D        | Killed a merfolk
   120 | D        | Reached skill level 8 in Axes
   120 | D        | Reached skill level 5 in Dodging
   120 | D        | Reached XP level 6. HP: 19/61 MP: 4/11
   347 | D        | Entered arena 3.
   347 | D        | Noticed a water moccasin
   347 | D        | Found a transporter.
   351 | D        | Reached * piety under Qazlal
   353 | D        | Reached XP level 7. HP: 61/68 MP: 12/12
   372 | D        | Entered arena 4.
   372 | D        | Noticed a yak
   372 | D        | Found a transporter.
   376 | D        | Reached ** piety under Qazlal
   377 | D        | Reached skill level 9 in Axes
   381 | D        | Killed a yak
   382 | D        | Reached skill level 10 in Axes
   416 | D        | Entered arena 5.
   416 | D        | Noticed a two-headed ogre
   416 | D        | Noticed a two-headed ogre
   416 | D        | Noticed a troll
   416 | D        | Found a transporter.
   421 | D        | Killed a two-headed ogre
   421 | D        | Reached *** piety under Qazlal
   422 | D        | Reached skill level 11 in Axes
   422 | D        | Reached XP level 8. HP: 79/79 MP: 13/15
   424 | D        | Killed a two-headed ogre
   425 | D        | Reached skill level 10 in Fighting
   425 | D        | Reached skill level 12 in Axes
   425 | D        | Reached skill level 10 in Invocations
   425 | D        | Reached XP level 9. HP: 84/85 MP: 13/16
   428 | D        | Killed a troll
   429 | D        | Reached skill level 13 in Axes
   453 | D        | Got the Tome of Supportive Gloom
   456 | D        | Entered arena 6.
   456 | D        | Noticed a draconian
   456 | D        | Noticed a draconian
   456 | D        | Noticed a draconian
   456 | D        | Noticed a draconian
   456 | D        | Noticed a draconian
   456 | D        | Found a transporter.
   462 | D        | Killed a draconian
   462 | D        | Reached **** piety under Qazlal
   465 | D        | Killed a draconian
   466 | D        | Reached skill level 14 in Axes
   466 | D        | Reached skill level 10 in Armour
   466 | D        | Reached skill level 10 in Shields
   467 | D        | Killed a draconian
   468 | D        | Reached XP level 10. HP: 96/96 MP: 18/18
   471 | D        | Killed a draconian
   473 | D        | Killed a draconian
   474 | D        | Reached skill level 15 in Axes
   486 | D        | Entered arena 7.
   487 | D        | Found a transporter.
   489 | D        | Reached ***** piety under Qazlal
   509 | D        | Entered arena 8.
   509 | D        | Found the +12 glaive of Prune {vorpal}
   510 | D        | Found a transporter.
   522 | D        | Reached ****** piety under Qazlal
   527 | D        | Got Starting Spellcraft
   532 | D        | Got the Papyrus of the Compass and the Figure
   537 | D        | Entered arena 9.
   537 | D        | Noticed Jeniof the pandemonium lord
   537 | D        | Noticed Juotippul the pandemonium lord
   537 | D        | Noticed an orange demon
   538 | D        | Found a transporter.
   539 | D        | Killed an orange demon
   540 | D        | Reached skill level 16 in Axes
   543 | D        | Mangled by Juotippul the pandemonium lord

Illustrated notes

Levels and vault maps discovered:
D:        sprint_v [room_start, room_1, room_2, room_3, room_4, room_5, room_6,
          room_7, room_8, room_9, room_10, room_11, room_12, room_13, room_14,
          room_15, room_16, room_17, room_18, room_19, room_20, room_21,
          room_22, room_23, room_24, room_25, room_26, room_27]

Skill      XL: |  1  2  3  4  5  6  7  8  9 10 |
---------------+-------------------------------+-----
Fighting       | 5 7 8 9 10 11 12 | 12.2
Axes           | 4 7 8 11 12 14 16 | 16.0
Armour         | 4 6 7 8 9 10 11 | 11.1
Dodging        | 2 4 5 6 7 8 |  8.4
Shields        | 4 6 7 8 9 10 11 | 11.1
Invocations    | 3 6 7 9 10 11 12 | 12.6

Action                   |  1- 3 |  4- 6 |  7- 9 | 10-12 || total
-------------------------+-------+-------+-------+-------++-------
Melee: Broad axe         |     6 |     5 |    31 |    25 ||    67
Invok: Disaster Area     |       |       |       |     2 ||     2
  Use: Potion            |     2 |       |     1 |       ||     3
Armor: Gold dragon scale |     2 |     2 |    13 |     8 ||    25
Dodge: Dodged            |       |       |     1 |     2 ||     3
Block: Kite shield       |    10 |    12 |    66 |    36 ||   124

Table legend: (Time is in decaauts)
 A = Elapsed time spent in this place.
 B = Non-inter-level travel time spent in this place.
 C = Inter-level travel time spent in this place.
 D = Time resting spent in this place.
 E = Time spent auto-exploring this place.
 F = Levels seen in this place.
 G = Mean time per level.
                   A        B        C        D        E       F      G
               +--------+--------+--------+--------+--------+-----+--------+
         Total |    567 |    567 |      0 |    294 |      0 |   1 |  567.0 |
       Dungeon |    567 |    567 |      0 |    294 |      0 |   1 |  567.0 |
               +--------+--------+--------+--------+--------+-----+--------+

Top non-repeatable levels by time:
       D: 567 daAuts
